 Dungeon Sprint DCSS version 0.17-a0-1738-g82cdc46 (webtiles) character file.

20000000 ztt the Plane Walker (level 27, -81/273 HPs)
             Began as a Ghoul Warper on Aug 30, 2015.
             Was the Champion of Makhleb.
             Annihilated by a fleshlord
             ... wielding a +9 great mace
              (354 damage)
             ... in the Dungeon (Sprint VIII: "Arena of Blood").
             The game lasted 00:03:48 (200 turns).

ztt the Plane Walker (Ghoul Warper)                  Turns: 200, Time: 00:03:48

Health: -81/273    AC:  6    Str: 19    XL:     27
Magic:  53/53      EV: 32    Int:  8    God:    Makhleb [******]
Gold:   0          SH:  0    Dex: 17    Spells: 1 memorised, 79 levels left

rFire  . . .     SeeInvis +     l - +∞ Axe of Woe
rCold  + . .     Clarity  .     b - +0 leather armour
rNeg   + + +     SustAt   .     (no shield)
rPois  ∞         Gourm    .     (no helmet)
rElec  .         Spirit   .     (no cloak)
rCorr  .         Warding  .     (no gloves)
rMut   .         NoTele   +     (no boots)
MR     ++...                    (no amulet)
Stlth  +++++++++.               n - +400 ring of slaying
                                m - ring of see invisible

@: rotting, slowed, very slow, very resistant to hostile enchantments,
incredibly stealthy
A: rotting body, claws 1, carnivore 3, cold resistance 1, negative energy
resistance 3, slow healing 1, torment resistance, unbreathing
a: Minor Destruction, Lesser Servant of Makhleb, Major Destruction, Greater
Servant of Makhleb, Renounce Religion


You were in the Dungeon.
You worshipped Makhleb.
Makhleb was exalted by your worship.
You were not hungry.

You visited 1 branch

Inventory:

Hand weapons
 a - a +0 hand axe
 l - the +∞ Axe of Woe (weapon)
   (You found it in the Dungeon)
 o - a +9 great mace
Missiles
 e - 5 tomahawks of dispersal (quivered)
Armour
 b - a +0 leather armour (worn)
Jewellery
 m - a ring of see invisible (left claw)
 n - a +400 ring of slaying (right claw)
 p - a +400 ring of slaying
 q - a +30 ring of slaying
 r - a +30 ring of slaying
Scrolls
 d - 2 scrolls of blinking
Potions
 g - a potion of curing
 h - a potion of heal wounds
 i - a potion of haste
 j - 2 potions of magic
 k - a potion of berserk rage
Books
 c - a book of Spatial Translocations

   Spells                             Type                      Level
   a - Apportation                    Translocation                1
   b - Blink                          Translocation                2
   c - Shroud of Golubria             Charms/Translocation         2
   d - Portal Projectile              Translocation                3
   e - Teleport Other                 Translocation                3
   f - Passage of Golubria            Translocation                4
Comestibles
 f - a meat ration


   Skills:
 O Level 27 Fighting
 O Level 27 Axes
 O Level 27 Maces & Flails
 O Level 27 Throwing
 O Level 27 Armour
 O Level 27 Dodging
 O Level 27 Stealth
 O Level 27 Unarmed Combat
 O Level 27 Spellcasting
 O Level 27 Translocations
 O Level 27 Invocations


You had 79 spell levels left.
You knew the following spells:

 Your Spells              Type           Power        Failure   Level  Hunger
a - Apportation           Tloc           ######....   0%          1    None


Dungeon Overview and Level Annotations

Branches:
Dungeon (1/1)

Altars:
Makhleb


Innate Abilities, Weirdness & Mutations

Your body is rotting away.
You thrive on raw meat.
You are immune to poison.
You have sharp fingernails.
You are carnivorous and can eat meat at any time.
Your flesh is cold resistant.
You are immune to negative energy.
You heal slowly when monsters are visible.
You are immune to unholy pain and torment.
You can survive without breathing.


Message History

You kill the fleshlord!
Makhleb accepts your kill.
You feel better.
You cut the bag of meat into ribbons!!!!!
You butcher the bag of meat messily.
You kill the bag of meat!
Makhleb accepts your kill.
You feel better.
You cut the scourge into ribbons!!!!!
You dissect the scourge like a pig carcass.
You kill the scourge!
Makhleb accepts your kill.
You feel better.
The bag of meat is engulfed in roaring flames.
The meat berserker is engulfed in roaring flames.
You hear a shout! x4
The bag of meat is engulfed in roaring flames.
You hear a shout! x3
The fleshlord hits you with a +9 great mace!!!!!!
Ouch! That really hurt!
You die...

#..... G# ...###..
#.D.V# .o ........
#....##.. .. #.......
#.%o..#. ..#.......#.
#=..S.. ##..........#_
#.§§§.##....#.......#.
#.§oo#........#......X
#.§§p#G..............)
#...O@GDp........###.)
#....)W†...........#.)
#..................#..
#.........#......).)..
#........#.#.#......))
#..)......#.#.........
#.†###...#.#.#..W....)
#.)..##..%#.#.....#.))
#..)))#.............).


You could see 2 eight-headed meat hydras, a destroyer, 2 observers, a scourge, 2
fleshlords, a dread, a meat berserker (berserk) and 3 bags of meat.

Vanquished Creatures
  8 hell knights (D)
  Sigmund (D)
  8 hell beasts (D)
  Edmund (D)
  8 greater mummies (D)
  6 great orbs of eyes (D)
  10 wraiths (D)
  Harold (D)
  17 vampire knights (D)
  26 ogres (D)
  5 liches (D)
  9 hydras (D)
  47 orcs (D)
  6 phantoms (D)
  7 hill giants (D)
  6 skeletal warriors (D)
  8 sea snakes (D)
  4 small abominations (D)
  2 large abominations (D)
  5 crawling corpses (D)
185 creatures vanquished.

Vanquished Creatures (others)
  A small abomination (D)
  4 crawling corpses (D)
5 creatures vanquished.

Grand Total: 190 creatures vanquished

Notes
Turn   | Place    | Note
--------------------------------------------------------------
     0 | D        | ztt the Ghoul Warper began the quest for the Orb.
     0 | D        | Reached XP level 1. HP: 17/17 MP: 2/2
     3 | D        | Noticed a bag of meat
     3 | D        | Noticed a meat berserker
     4 | D        | Became a worshipper of Makhleb the Destroyer
     8 | D        | Noticed a bag of meat
     9 | D        | Noticed a meat berserker
    10 | D        | Noticed a bag of meat
    10 | D        | Killed a bag of meat
    10 | D        | Reached skill level 11 in Fighting
    10 | D        | Reached skill level 10 in Spellcasting
    10 | D        | Reached skill level 17 in Translocations
    10 | D        | Reached XP level 2. HP: 20/41 MP: 2/12
    10 | D        | Reached XP level 3. HP: 23/48 MP: 2/13
    10 | D        | Reached XP level 4. HP: 26/56 MP: 2/15
    10 | D        | Reached XP level 5. HP: 28/62 MP: 2/16
    10 | D        | Reached XP level 6. HP: 31/69 MP: 2/18
    10 | D        | Reached XP level 7. HP: 33/75 MP: 2/19
    10 | D        | Reached XP level 8. HP: 36/83 MP: 2/21
    10 | D        | Reached XP level 9. HP: 39/90 MP: 2/22
    10 | D        | Reached XP level 10. HP: 42/97 MP: 2/23
    10 | D        | Reached XP level 11. HP: 45/104 MP: 2/24
    10 | D        | Reached XP level 12. HP: 48/111 MP: 2/25
    11 | D        | Noticed a large bag of meat
    11 | D        | Killed a meat berserker
    11 | D        | Acquired Makhleb's first power
    11 | D        | Reached skill level 21 in Translocations
    11 | D        | Reached XP level 13. HP: 50/125 MP: 2/29
    11 | D        | Reached XP level 14. HP: 53/133 MP: 2/30
    14 | D        | Killed a bag of meat
    14 | D        | Reached skill level 15 in Fighting
    14 | D        | Reached skill level 23 in Translocations
    15 | D        | Noticed a bag of meat
    15 | D        | Noticed a bag of meat
    15 | D        | Killed a meat berserker
    15 | D        | Acquired Makhleb's second power
    15 | D        | Reached skill level 15 in Axes
    15 | D        | Reached skill level 15 in Spellcasting
    15 | D        | Reached skill level 25 in Translocations
    15 | D        | Reached XP level 15. HP: 57/146 MP: 3/33
    16 | D        | Killed a large bag of meat
    16 | D        | Reached skill level 26 in Translocations
    16 | D        | Reached XP level 16. HP: 95/155 MP: 3/34
    17 | D        | Killed a bag of meat
    17 | D        | Acquired Makhleb's third power
    18 | D        | Noticed a destroyer
    18 | D        | Killed a bag of meat
    18 | D        | Reached skill level 5 in Throwing
    18 | D        | Reached skill level 15 in Dodging
    18 | D        | Reached skill level 27 in Translocations
    19 | D        | Noticed a meat berserker
    20 | D        | Killed a bag of meat
    20 | D        | Reached skill level 5 in Armour
    20 | D        | Reached skill level 1 in Stealth
    21 | D        | Noticed a destroyer
    21 | D        | Noticed a bag of meat
    22 | D        | Noticed a bag of meat
    22 | D        | Noticed a bag of meat
    23 | D        | Killed a bag of meat
    23 | D        | Acquired Makhleb's fourth power
    23 | D        | Reached XP level 17. HP: 160/172 MP: 5/38
    24 | D        | Noticed a meat berserker
    24 | D        | Noticed a meat berserker
    24 | D        | Noticed a destroyer
    24 | D        | Killed a destroyer
    24 | D        | Reached XP level 18. HP: 179/188 MP: 5/40
    24 | D        | Killed a bag of meat
    25 | D        | Killed a meat berserker
    25 | D        | Acquired Makhleb's fifth power
    26 | D        | Noticed a bag of meat
    26 | D        | Noticed a destroyer
    27 | D        | Killed a destroyer
    27 | D        | Reached skill level 10 in Throwing
    27 | D        | Reached skill level 10 in Armour
    27 | D        | Reached XP level 19. HP: 161/206 MP: 6/43
    27 | D        | Killed a bag of meat
    27 | D        | Reached skill level 27 in Fighting
    27 | D        | Killed a meat berserker
    27 | D        | Reached skill level 27 in Axes
    27 | D        | Reached XP level 20. HP: 216/216 MP: 6/47
    28 | D        | Noticed a bag of meat
    29 | D        | Noticed a meat berserker
    29 | D        | Noticed a sculptor of flesh
    29 | D        | Killed a destroyer
    29 | D        | Killed a meat berserker
    29 | D        | Reached skill level 15 in Throwing
    29 | D        | Reached skill level 15 in Armour
    29 | D        | Reached skill level 27 in Dodging
    29 | D        | Reached skill level 27 in Spellcasting
    29 | D        | Reached XP level 21. HP: 224/224 MP: 7/51
    30 | D        | Noticed a bag of meat
    30 | D        | Noticed a destroyer
    30 | D        | Noticed a destroyer
    31 | D        | Noticed a sculptor of flesh
    31 | D        | Noticed a bag of meat
    31 | D        | Noticed The Servant
    32 | D        | Killed a destroyer
    32 | D        | Killed a destroyer
    32 | D        | Reached XP level 22. HP: 233/233 MP: 8/52
    32 | D        | Killed a meat berserker
    32 | D        | Killed a bag of meat
    34 | D        | Noticed a sculptor of flesh
    34 | D        | Noticed a sculptor of flesh
    36 | D        | Killed The Servant
    36 | D        | Reached skill level 27 in Throwing
    36 | D        | Reached skill level 27 in Armour
    36 | D        | Reached skill level 27 in Stealth
    36 | D        | Reached XP level 23. HP: 240/240 MP: 9/53
    36 | D        | Killed a bag of meat
    37 | D        | Noticed a destroyer
    38 | D        | Noticed a bag of meat
    40 | D        | Noticed a destroyer
    42 | D        | Killed a bag of meat
    42 | D        | Reached skill level 15 in Unarmed Combat
    42 | D        | Reached skill level 15 in Invocations
    43 | D        | Killed a destroyer
    44 | D        | Noticed a meat berserker
    44 | D        | Killed a destroyer
    44 | D        | Reached XP level 24. HP: 249/249 MP: 11/53
    45 | D        | Noticed an accursed
    45 | D        | Killed a bag of meat
    45 | D        | Reached skill level 27 in Unarmed Combat
    45 | D        | Reached skill level 27 in Invocations
    45 | D        | Killed a sculptor of flesh
    45 | D        | Killed a meat berserker
    46 | D        | Killed a sculptor of flesh
    47 | D        | Killed a destroyer
    47 | D        | Reached XP level 25. HP: 257/257 MP: 12/53
    48 | D        | Noticed an accursed
    48 | D        | Killed a sculptor of flesh
    49 | D        | Killed a sculptor of flesh
    50 | D        | Noticed a meat berserker
    50 | D        | Killed a bag of meat
    52 | D        | Noticed an accursed
    52 | D        | Killed an accursed
    52 | D        | Reached XP level 26. HP: 266/266 MP: 12/53
    54 | D        | Noticed an accursed
    54 | D        | Noticed a bag of meat
    54 | D        | Killed a meat berserker
    55 | D        | Noticed a bag of meat
    55 | D        | Noticed a destroyer
    56 | D        | Killed an accursed
    56 | D        | Reached XP level 27. HP: 268/273 MP: 13/53
    57 | D        | Noticed a meat berserker
    57 | D        | Noticed a bag of meat
    57 | D        | Noticed a meat beast
    58 | D        | Noticed a meat berserker
    59 | D        | Noticed a meat berserker
    60 | D        | Killed a meat beast
    60 | D        | Killed a bag of meat
    61 | D        | Noticed a dread
    61 | D        | Noticed The Captor
    61 | D        | Killed an accursed
    61 | D        | Killed a destroyer
    62 | D        | Killed a meat berserker
    62 | D        | Killed a bag of meat
    63 | D        | Noticed a dread
    63 | D        | Noticed a bag of meat
    63 | D        | Killed a meat berserker
    65 | D        | Noticed an accursed
    65 | D        | Killed a bag of meat
    65 | D        | Killed The Captor
    65 | D        | Killed a meat berserker
    67 | D        | Killed a dread
    68 | D        | Noticed a meat berserker
    68 | D        | Noticed a meat berserker
    68 | D        | Noticed a meat berserker
    69 | D        | Noticed a meat beast
    70 | D        | Noticed a bag of meat
    70 | D        | Noticed a bag of meat
    70 | D        | Killed a meat berserker
    71 | D        | Noticed a meat berserker
    71 | D        | Noticed a dread
    72 | D        | Killed an accursed
    72 | D        | Killed a meat berserker
    72 | D        | Killed a dread
    73 | D        | Noticed a meat beast
    73 | D        | Killed a meat beast
    73 | D        | Killed a meat berserker
    74 | D        | Noticed an accursed
    75 | D        | Killed a bag of meat
    75 | D        | Killed an accursed
    78 | D        | Noticed a meat berserker
    79 | D        | Noticed a wretched soul
    79 | D        | Noticed a bag of meat
    79 | D        | Noticed a bag of meat
    81 | D        | Killed a meat berserker
    81 | D        | Killed a meat berserker
    82 | D        | Killed a meat beast
    82 | D        | Noticed a meat beast
    84 | D        | Killed a bag of meat
    85 | D        | Killed a bag of meat
    85 | D        | Killed a bag of meat
    86 | D        | Noticed a meat berserker
    86 | D        | Noticed a wretched soul
    86 | D        | Noticed a meat beast
    86 | D        | Noticed a destroyer
    86 | D        | Noticed a destroyer
    87 | D        | Killed a meat beast
    88 | D        | Killed a wretched soul
    88 | D        | Killed a wretched soul
    89 | D        | Killed a bag of meat
    89 | D        | Noticed a bag of meat
    90 | D        | Noticed a meat beast
    90 | D        | Noticed a bag of meat
    91 | D        | Noticed a bag of meat
    91 | D        | Noticed a large bag of meat
    91 | D        | Noticed a bag of meat
    91 | D        | Noticed a destroyer
    92 | D        | Noticed a bag of meat
    92 | D        | Noticed a destroyer
    92 | D        | Killed a destroyer
    93 | D        | Killed a meat beast
    94 | D        | Killed a bag of meat
    95 | D        | Noticed an observer
    95 | D        | Killed a destroyer
    95 | D        | Killed a destroyer
    95 | D        | Killed a dread
    95 | D        | Killed a meat berserker
    96 | D        | Noticed a wretched soul
    96 | D        | Noticed a bag of meat
    96 | D        | Killed a meat beast
    97 | D        | Noticed a meat berserker
    97 | D        | Noticed a destroyer
    97 | D        | Noticed a bag of meat
    97 | D        | Noticed an observer
    98 | D        | Killed a destroyer
    98 | D        | Killed a bag of meat
    99 | D        | Killed a bag of meat
   100 | D        | Noticed a bag of meat
   100 | D        | Noticed a bag of meat
   100 | D        | Killed a large bag of meat
   101 | D        | Noticed a meat berserker
   101 | D        | Noticed a meat berserker
   101 | D        | Noticed a bag of meat
   101 | D        | Noticed a dread
   101 | D        | Noticed a bag of meat
   101 | D        | Noticed a sculptor of flesh
   102 | D        | Noticed a dread
   102 | D        | Killed a meat berserker
   102 | D        | Killed a meat berserker
   103 | D        | Noticed a bag of meat
   103 | D        | Noticed a bag of meat
   103 | D        | Noticed a meat berserker
   103 | D        | Noticed a large bag of meat
   103 | D        | Noticed The Defiler
   103 | D        | Noticed a bag of meat
   104 | D        | Noticed a bag of meat
   104 | D        | Killed a bag of meat
   104 | D        | Killed a destroyer
   104 | D        | Killed a bag of meat
   105 | D        | Noticed a bag of meat
   105 | D        | Killed a meat berserker
   105 | D        | Killed an observer
   105 | D        | Killed a bag of meat
   105 | D        | Noticed a large bag of meat
   106 | D        | Noticed a bag of meat
   106 | D        | Noticed an observer
   106 | D        | Noticed a large bag of meat
   107 | D        | Noticed a bag of meat
   107 | D        | Killed a wretched soul
   107 | D        | Killed a dread
   107 | D        | Killed a meat berserker
   107 | D        | Killed a bag of meat
   108 | D        | Noticed a bag of meat
   109 | D        | Killed a bag of meat
   109 | D        | Killed a dread
   110 | D        | Killed a bag of meat
   110 | D        | Killed an observer
   111 | D        | Killed a bag of meat
   111 | D        | Killed The Defiler
   111 | D        | Killed a bag of meat
   112 | D        | Killed a bag of meat
   114 | D        | Killed a large bag of meat
   114 | D        | Killed a sculptor of flesh
   115 | D        | Killed a bag of meat
   115 | D        | Noticed a bag of meat
   116 | D        | Killed a bag of meat
   116 | D        | Killed a bag of meat
   117 | D        | Killed a large bag of meat
   117 | D        | Killed a bag of meat
   118 | D        | Killed a bag of meat
   118 | D        | Killed a large bag of meat
   118 | D        | Killed an observer
   119 | D        | Noticed an observer
   119 | D        | Noticed a dread
   121 | D        | Noticed a bag of meat
   121 | D        | Noticed an accursed
   121 | D        | Noticed a bag of meat
   121 | D        | Noticed a bag of meat
   121 | D        | Noticed a meat berserker
   122 | D        | Noticed an observer
   122 | D        | Noticed a tyrant
   122 | D        | Noticed a tyrant
   123 | D        | Killed a meat berserker
   124 | D        | Noticed a large bag of meat
   125 | D        | Noticed a fleshlord
   127 | D        | Killed a bag of meat
   128 | D        | Killed a bag of meat
   128 | D        | Killed a bag of meat
   130 | D        | Killed an observer
   130 | D        | Killed a bag of meat
   131 | D        | Noticed a dread
   131 | D        | Killed an accursed
   132 | D        | Killed a bag of meat
   132 | D        | Killed a tyrant
   133 | D        | Killed a large bag of meat
   135 | D        | Killed an observer
   138 | D        | Killed an accursed
   138 | D        | Killed a fleshlord
   140 | D        | Noticed a fleshlord
   141 | D        | Killed a dread
   143 | D        | Killed a fleshlord
   146 | D        | Killed a bag of meat
   147 | D        | Killed a dread
   148 | D        | Noticed a destroyer
   149 | D        | Noticed a tyrant
   149 | D        | Killed a destroyer
   150 | D        | Noticed a meat berserker
   150 | D        | Noticed a meat beast
   151 | D        | Noticed an accursed
   151 | D        | Killed a meat beast
   152 | D        | Killed a meat berserker
   154 | D        | Killed a tyrant
   155 | D        | Noticed a fleshlord
   155 | D        | Noticed a dread
   156 | D        | Noticed a tyrant
   156 | D        | Noticed a sculptor of flesh
   156 | D        | Killed a tyrant
   156 | D        | Killed a sculptor of flesh
   161 | D        | Noticed a wretched soul
   162 | D        | Noticed an observer
   163 | D        | Killed an observer
   163 | D        | Killed a wretched soul
   164 | D        | Killed a tyrant
   167 | D        | Killed an accursed
   168 | D        | Killed a fleshlord
   170 | D        | Noticed a fleshlord
   170 | D        | Killed a dread
   170 | D        | Killed a fleshlord
   182 | D        | Noticed a dread
   183 | D        | Noticed an observer
   183 | D        | Noticed a bag of meat
   183 | D        | Noticed a bag of meat
   183 | D        | Noticed a bag of meat
   183 | D        | Noticed a large bag of meat
   183 | D        | Noticed a wretched soul
   184 | D        | Noticed a bag of meat
   185 | D        | Noticed a meat berserker
   185 | D        | Noticed a destroyer
   185 | D        | Noticed a wretched soul
   186 | D        | Noticed a meat berserker
   186 | D        | Noticed a destroyer
   186 | D        | Noticed a fleshlord
   186 | D        | Noticed a tyrant
   186 | D        | Noticed a fleshlord
   187 | D        | Noticed a bag of meat
   187 | D        | Noticed a bag of meat
   187 | D        | Noticed a meat berserker
   188 | D        | Noticed a bag of meat
   189 | D        | Noticed a fleshlord
   189 | D        | Killed a meat berserker
   189 | D        | Killed a wretched soul
   189 | D        | Reached skill level 27 in Maces & Flails
   190 | D        | Noticed a dread
   190 | D        | Noticed a meat beast
   190 | D        | Killed a dread
   190 | D        | Killed a wretched soul
   191 | D        | Killed a bag of meat
   192 | D        | Killed a large bag of meat
   192 | D        | Killed a bag of meat
   193 | D        | Noticed a meat berserker
   194 | D        | Noticed a fleshlord
   194 | D        | Noticed a fleshlord
   194 | D        | Killed a meat berserker
   194 | D        | Killed a destroyer
   195 | D        | Noticed a dread
   195 | D        | Killed a tyrant
   195 | D        | Killed a meat beast
   196 | D        | Noticed a bag of meat
   197 | D        | Noticed a bag of meat
   197 | D        | Noticed a fleshlord
   197 | D        | Killed a fleshlord
   197 | D        | Killed a dread
   198 | D        | Noticed an observer
   198 | D        | Killed a destroyer
   198 | D        | Killed a fleshlord
   199 | D        | Killed a fleshlord
   199 | D        | Killed a meat berserker
   200 | D        | Noticed a destroyer
   200 | D        | Killed a fleshlord
   200 | D        | Killed a bag of meat
   200 | D        | Annihilated by a fleshlord

Vault maps used:
D:        meatsprint

Action                   |  1- 3 |  4- 6 |  7- 9 | 10-12 | 13-15 | 16-18 | 19-21 | 22-24 | 25-27 || total
-------------------------+-------+-------+-------+-------+-------+-------+-------+-------+-------++-------
Melee: Executioner's axe |     1 |       |       |     1 |     3 |     7 |     2 |     7 |    85 ||   106
 Cast: Apportation       |       |       |       |       |       |       |       |       |     1 ||     1
 Stab: Distracted        |       |       |       |       |       |       |       |       |     1 ||     1
